 Dungeon Crawl Stone Soup version 0.25.1-2-g60ff931df9 (webtiles) character file.

Game seed: 1086279632818657855

5626 Artemis the Geomancer (level 10, -1/50 HPs)
             Began as a Gargoyle Earth Elementalist on Sept 11, 2020.
             Was a Follower of Vehumet.
             Killed by divine providence
             ... invoked by an orc priest
              (13 damage)
             ... on level 9 of the Dungeon.
             The game lasted 00:52:24 (11259 turns).

Artemis the Geomancer (GrEE)                       Turns: 11259, Time: 00:52:25

Health: -1/50      AC: 11    Str: 13    XL:     10   Next: 74%
Magic:  15/22      EV: 12    Int: 18    God:    Vehumet [*.....]
Gold:   455        SH:  5    Dex: 16    Spells: 8/25 levels left

rFire    . . .     SeeInvis .   g - +3 short sword (drain)
rCold    . . .     Gourm    .   (no shield)
rNeg     + . .     Faith    .   c - +0 robe
rPois    ∞         Spirit   .   (no helmet)
rElec    +         Reflect  +   (no cloak)
rCorr    .         Harm     .   (no gloves)
MR       .....                  y - +1 pair of boots
Stlth    ++........             x - amulet of reflection
HPRegen  0.16/turn              p - ring of wizardry
MPRegen  0.18/turn              k - +6 ring of dexterity

@: no status effects
A: negative energy resistance 1, electricity resistance, unbreathing,
petrification resistance, rot immunity, AC +7
a: Renounce Religion


You were on level 9 of the Dungeon.
You worshipped Vehumet.
Vehumet was aware of your devotion.
You were not hungry.

You visited 2 branches of the dungeon, and saw 10 of its levels.
You also visited: Ossuary.

You collected 455 gold pieces.

Inventory:

Hand Weapons
 g - a +3 short sword of draining (weapon)
 m - a +1 hand axe of flaming
Missiles
 b - 375 stones (quivered)
 e - 7 boomerangs
 j - 90 poisoned darts
Armour
 c - a +0 robe (worn)
 y - a +1 pair of boots (worn)
 z - the +1 ring mail of Lucin {rPois MR+ Slay+2}
   (You found it on level 7 of the Dungeon)

   It affects your accuracy and damage with ranged weapons and melee attacks
   (+2).
   It protects you from poison.
   It affects your resistance to hostile enchantments.
Jewellery
 h - an uncursed ring of protection from magic
 k - a +6 ring of dexterity (right hand)
 p - a ring of wizardry (left hand)
 q - an uncursed ring of stealth
 x - an amulet of reflection (around neck)
 D - an uncursed ring of fire
 J - an uncursed amulet of faith
Wands
 r - a wand of digging (3)
 u - a wand of paralysis (5)
 A - a wand of iceblast (10)
 B - a wand of flame (15)
Scrolls
 n - 5 scrolls of remove curse
 t - 5 scrolls of amnesia
 v - 2 scrolls of fog
 C - 3 scrolls of magic mapping
 L - a scroll of teleportation
Potions
 a - 4 potions of might
 f - 3 potions of berserk rage
 i - 5 potions of stabbing
 l - 2 potions of haste
 o - 5 potions of heal wounds
 s - a potion of flight
 w - 6 potions of mutation
 E - 2 potions of magic
 G - a potion of brilliance
 I - 2 potions of curing
 K - a potion of ambrosia
Comestibles
 d - 20 rations
 F - 2 chunks of flesh


   Skills:
 - Level 3.0 Short Blades
 - Level 1.6 Dodging
 - Level 2.1 Stealth
 + Level 8.1 Spellcasting
 + Level 7.5 Conjurations
 + Level 4.4 Transmutations
 * Level 3.0 Fire Magic
 + Level 10.7 Earth Magic


You had 8 spell levels left.
You knew the following spells:

 Your Spells              Type           Power        Failure   Level  Hunger
a - Sandblast             Erth           #####.       1%          1    None
b - Stone Arrow           Conj/Erth      #####.       1%          3    #......
c - Petrify               Tmut/Erth      ####....     1%          4    ###....
d - Lee's Rapid Deconstr  Erth           #####.....   1%          5    #####..
e - Foxfire               Conj/Fire      ####         1%          1    None
f - Static Discharge      Conj/Air       ###.....     2%          3    #......

Your spell library contained the following spells:

 Spells                   Type           Power        Failure   Level  Hunger
 Passwall                 Tmut/Erth      ####....     1%          2    None


Dungeon Overview and Level Annotations

Branches:
Dungeon (9/15)             Temple (1/1) D:7         Ossuary (visited)
   Lair: D:8-11         Orc: D:9-12

Altars:
Ashenzari
Cheibriados
Elyvilon
Fedhas
Qazlal
Ru
Uskayaw
Vehumet
Wu Jian
Xom
Yredelemnul
The Shining One

Shops:
D:7 :

Annotations:
D:5 Edmund


Innate Abilities, Weirdness & Mutations

You are resistant to torment.
Your stone body is resilient. (AC +7)
You are immune to poison.
You resist negative energy. (rN+)
You are resistant to electric shocks. (rElec)
You can survive without breathing.
You are immune to petrification.
You are immune to rotting.


Message History

The orc throws a poisoned dart.
The poisoned dart hits you!
An orc priest comes into view. It is wielding a +0 dagger.
The orc priest moves out of view.
You see here a poisoned dart.
You block the howler monkey's attack.
The howler monkey hoots and howls with incredible vigour!
The orc priest calls down the wrath of Beogh upon you.
Beogh smites you!
You hear a bellow!
The orc throws a poisoned dart.
You reflect the poisoned dart off an invisible shield around you!
The poisoned dart hits the orc!
The orc is poisoned.
The orc priest mumbles some strange prayers to Beogh against you.
Beogh smites you!
* * * LOW HITPOINT WARNING * * *
There is a stone staircase leading up here.
The howler monkey hoots and howls with incredible vigour!
The orc priest invokes the aid of Beogh against you.
Beogh smites you!
You die...

,,,,,,,,..#** #......#..÷..##
,,,,,,,,....###o............##
,,,***,,,*#.....)(...(.......#
,,,* **,,#####.oo.....(......#
,,,* **,,...#...o)(.........#
*,,* #.**#.#...............#
*,,** #.* #....h.(..........#
,,,,* #.*##.........)..(....#
,,#.####$##..#..@...........##
,,....o.......#......#.....##
*,........(...##.##.########
**.......)....##.##.######
,,[....$..(.>.##.##......###
**.................#####...#
,.............##.#.††......#
,......)......##.#######...#
*#..#.........##.# #####


You could see a howler monkey (catching breath, drained), 2 orc priests and 2
orcs.

Vanquished Creatures
  2 two-headed ogres
  2 hungry ghosts
  A black bear (D:9)
  4 sky beasts
  3 phantoms
  A wolf (D:7)
  An ogre (D:5)
  A centaur (D:8)
  2 big kobolds
  2 bullfrogs (D:7)
  2 gnoll sergeants (D:7)
  2 elf skeletons (D:8)
  11 scorpions
  2 howler monkeys
  2 electric eels (D:7)
  3 crimson imps (D:8)
  2 centaur zombies (Ossuary)
  2 centaur skeletons
  4 human zombies (Ossuary)
  2 orc priests (D:4)
  4 hounds (D:7)
  3 orc wizards
  A bullfrog skeleton (D:8)
  2 gnoll shamans (D:7)
  2 human skeletons (D:8)
  5 iguanas
  8 worker ants
  2 big kobold zombies (Ossuary)
  A hound skeleton (D:7)
  3 mummies (Ossuary)
  A worker ant zombie (D:8)
  2 howler monkey skeletons
  24 gnolls (D:7)
  5 scorpion zombies (Ossuary)
  6 adders
  A shadow imp (D:5)
  An adder skeleton (D:7)
  An adder zombie (D:6)
  2 worms (D:2)
  2 dart slugs
  3 leopard geckos
  23 orcs
  3 giant cockroaches
  3 hobgoblins
  12 jackals
  2 quokkas
  4 bats
  3 frilled lizards
  A gnoll zombie (Ossuary)
  A goblin zombie (Ossuary)
  A hobgoblin zombie (Ossuary)
  19 kobolds
  2 orc skeletons (D:8)
  An orc zombie (Ossuary)
  A quokka skeleton (D:8)
  10 rats
216 creatures vanquished.

Vanquished Creatures (collateral kills)
  An ugly thing (D:9)
  A bullfrog (D:9)
  An orc (D:9)
3 creatures vanquished.

Vanquished Creatures (others)
  An orc wizard (D:6)
  A gnoll (D:7)
  A quokka (D:5)
3 creatures vanquished.

Grand Total: 222 creatures vanquished

Notes
Turn   | Place    | Note
-------+----------+-------------------------------------------
     0 | D:1      | Artemis the Gargoyle Earth Elementalist began the quest for
                  | the Orb.
     0 | D:1      | Reached XP level 1. HP: 10/10 MP: 3/3
   413 | D:1      | Reached skill level 4 in Earth Magic
   473 | D:1      | Reached XP level 2. HP: 14/15 MP: 3/5
  1007 | D:2      | Reached XP level 3. HP: 4/19 MP: 3/6
  1428 | D:2      | Reached skill level 5 in Earth Magic
  1771 | D:2      | Found a white marble altar of Elyvilon.
  2056 | D:2      | Found a sacrificial altar of Ru.
  2056 | D:2      | Found a hide-covered altar of Uskayaw.
  2258 | D:3      | Reached XP level 4. HP: 24/24 MP: 7/7
  2269 | D:3      | Found a snail-covered altar of Cheibriados.
  2340 | D:3      | Found a basalt altar of Yredelemnul.
  2630 | D:3      | Learned a level 3 spell: Stone Arrow
  3093 | D:4      | Reached skill level 1 in Short Blades
  3104 | D:4      | Reached skill level 1 in Conjurations
  3104 | D:4      | Reached XP level 5. HP: 9/28 MP: 6/8
  3932 | D:4      | Reached skill level 6 in Earth Magic
  4203 | D:4      | Found a glowing silver altar of Zin.
  4205 | D:4      | Found a white marble altar of Elyvilon.
  4205 | D:4      | Found an iron altar of Okawaru.
  4207 | D:4      | Found a stormy altar of Qazlal.
  4207 | D:4      | Found a radiant altar of Vehumet.
  4207 | D:4      | Found a shimmering altar of Xom.
  4392 | D:5      | Entered Level 5 of the Dungeon
  4422 | D:5      | Noticed a phantom
  4428 | D:5      | Reached XP level 6. HP: 32/32 MP: 6/10
  4542 | D:4      | Killed a phantom
  4833 | D:5      | Found a blossoming altar of Fedhas.
  4954 | D:5      | Reached XP level 7. HP: 36/36 MP: 2/12
  4963 | D:5      | Learned a level 4 spell: Petrify
  4969 | D:5      | Learned a level 5 spell: Lee's Rapid Deconstruction
  4979 | D:5      | Reached skill level 1 in Transmutations
  5174 | D:5      | Found a white marble altar of Elyvilon.
  5284 | D:5      | Noticed Edmund
  5576 | D:6      | Reached skill level 7 in Earth Magic
  5895 | D:6      | Reached XP level 8. HP: 41/41 MP: 14/14
  6949 | D:7      | Got a glimmering ring mail
  7023 | D:7      | Reached skill level 5 in Spellcasting
  7358 | D:7      | Reached skill level 8 in Earth Magic
  7428 | D:7      | Identified the cursed +1 ring mail of Lucin {rPois MR+
                  | Slay+2} (You found it on level 7 of the Dungeon)
  7444 | D:7      | Found Ziorau's Book Boutique.
  7539 | D:7      | Found a staircase to the Ecumenical Temple.
  7548 | Temple   | Entered the Ecumenical Temple
  7564 | Temple   | Became a worshipper of Vehumet
  7692 | D:7      | Reached XP level 9. HP: 45/45 MP: 1/17
  7709 | D:7      | Reached skill level 5 in Conjurations
  8529 | D:8      | Reached * piety under Vehumet
  8529 | D:8      | Offered knowledge of Magic Dart by Vehumet.
  8640 | D:8      | Reached skill level 9 in Earth Magic
  8794 | D:8      | Found a sand-covered staircase.
  8896 | Ossuary  | Entered an ossuary
  9578 | Ossuary  | Reached ** piety under Vehumet
  9578 | Ossuary  | Offered knowledge of Foxfire by Vehumet.
  9585 | Ossuary  | Learned a level 1 spell: Foxfire
  9912 | Ossuary  | Reached XP level 10. HP: 50/50 MP: 6/20
 10464 | D:8      | Noticed a two-headed ogre
 10476 | D:8      | Killed a two-headed ogre
 10476 | D:8      | Reached skill level 1 in Fire Magic
 10476 | D:8      | Reached skill level 10 in Earth Magic
 10715 | D:9      | Noticed a red ugly thing
 10858 | D:9      | Offered knowledge of Static Discharge by Vehumet.
 10868 | D:9      | Learned a level 3 spell: Static Discharge
 10985 | D:9      | Killed a red ugly thing
 11157 | D:9      | Noticed a two-headed ogre
 11168 | D:9      | Killed a two-headed ogre
 11259 | D:9      | Killed from afar by an orc priest

Illustrated notes

Levels and vault maps discovered:
D:1:      wander_arrival_chamber, layout_rooms, serial_park_tiny_2
D:2:      layout_basic, gammafunk_temple_overflow_elements,
          lemuel_altar_in_water
D:3:      layout_loops_cross, cheibriados_altar_1, yredelemnul_altar_generic,
          minmay_misc_feat_rugged
D:4:      layout_basic, first_ration, doesnt_xom_only_xom
D:5:      layout_cave_pools, elyvilon_altar_4, fedhas_altar_1, uniq_edmund,
          uniq_blork_the_orc
D:6:      layout_basic
D:7:      layout_cave_pools, temple_fountains, serial_gnoll_camp,
          gnoll_camp_huts_moat, gnoll_camp_mini_loothouse, gnoll_camp_mini_hut,
          gnoll_camp_mini_shop
D:8:      minmay_spotlight, layout_basic, nicolae_ossuary_entry_catacombs
D:9:      layout_rooms
Temple:   regret_index_temple_sphere_string

Skill      XL: |  1  2  3  4  5  6  7  8  9 10 |
---------------+-------------------------------+-----
Earth Magic    | 4 5 6 7 8 9 10 | 10.7
Short Blades   | 1 2 3 |  3.0
Conjurations   | 1 2 3 4 6 7 |  7.5
Spellcasting   | 3 4 5 7 8 |  8.1
Transmutations | 2 3 4 |  4.4
Fire Magic     | 3 |  3.0
Dodging        | |  1.6
Stealth        | |  2.1

Action                   |  1- 3 |  4- 6 |  7- 9 | 10-12 || total
-------------------------+-------+-------+-------+-------++-------
Melee: Club              |    48 |       |       |       ||    48
       Unarmed           |     3 |       |       |       ||     3
       Short sword       |    49 |    65 |   433 |   105 ||   652
 Cast: Sandblast         |    12 |    16 |    25 |     3 ||    56
       Stone Arrow       |       |     8 |    96 |    33 ||   137
  Use: Scroll            |     4 |     9 |     7 |     6 ||    26
 Stab: Sleeping          |     1 |       |     7 |       ||     8
  Eat: Chunk             |     4 |     9 |    16 |     5 ||    34
       Ration            |       |       |     2 |       ||     2
Armor: Robe              |    39 |    20 |   143 |    61 ||   263
Dodge: Dodged            |    64 |    46 |   198 |    70 ||   378
Block: Other             |       |       |    84 |    26 ||   110
       Reflection        |       |       |    11 |     2 ||    13
